Map: Lightshade LE

Players

ShoWTimE

  • Race: Protoss Protoss
  • League: Master
  • Spawn Location: 5:00

Serral - Winner!

  • Race: Zerg Zerg
  • League: Master
  • Spawn Location: 11:00

Event: TSL 6

VOD

Have the link to the VOD?

Description

Time

  • Played on: Dec. 19, 2020, 3:05 p.m.
  • Length: 11:55

All games in this series

Show
View Real Time Build Order
Export as new Build Order

ShoWTimE Protoss 

Build Orders: 1 Gate Expand, Mass Adepts 

Get SALT Encoding   

  12  0:00  Probe  
  13  0:12  Probe  
  14  0:18  Pylon  
  14  0:24  Probe (Chrono Boost)  
  15  0:36  Probe (Chrono Boost)  
  15  0:37  Gateway  
  16  0:45  Probe (Chrono Boost)  
  16  0:46  Assimilator  
  17  0:50  Probe  
  18  1:03  Probe  
  19  1:15  Probe  
  20  1:23  Nexus  
  20  1:32  Cybernetics Core  
  20  1:35  Probe  
  21  1:41  Assimilator  
  21  1:47  Probe  
  22  1:55  Pylon  
  22  1:59  Probe  
  23  2:08  Warp Gate  
  23  2:10  Adept (Chrono Boost)  
  23  2:13  Probe (Chrono Boost)  
  27  2:24  Probe (Chrono Boost)  
  27  2:25  Twilight Council  
  27  2:29  Probe (Chrono Boost)  
  27  2:32  Stalker (Chrono Boost)  
  27  2:35  Probe  
  31  2:39  Probe  
  32  2:48  Probe  
  33  2:52  Gateway, Probe  
  34  3:00  Probe  
  34  3:03  Resonating Glaives (Chrono Boost)  
  34  3:04  Probe  
  36  3:06  Gateway  
  36  3:12  Adept  
  39  3:21  Gateway  
  39  3:29  Gateway  
  39  3:30  Probe  
  39  3:31  Probe  
  40  3:37  Pylon  
  40  3:43  Probe x2  
  42  3:55  Probe  
  43  4:01  Adept x3  
  49  4:07  Pylon  
  50  4:12  Robotics Facility  
  49  4:24  Adept x3  
  49  4:25  Adept x2  
  49  4:27  Pylon  
  59  4:45  Adept x2  
  61  4:47  Adept x3  
  61  4:52  Pylon  
  67  4:58  Immortal (Chrono Boost)  
  65  5:02  Pylon  
  57  5:15  Adept x4  
  57  5:16  Adept  
  67  5:31  Immortal (Chrono Boost)  
  71  5:40  Zealot x2, Adept x2  
  79  5:44  Adept  
  79  5:49  Pylon  
  81  6:01  Adept x2  
  81  6:02  Adept  
  86  6:07  Adept x2  
  86  6:12  Pylon  
  86  6:17  Probe x2  
  88  6:29  Adept x3  
  88  6:32  Adept  
  90  6:35  Adept  
  90  6:37  Probe x2  
  94  6:45  Assimilator  
  92  6:47  Assimilator  
  92  6:49  Probe x2  
  94  6:58  Dark Shrine  
  94  7:01  Probe x2  
  94  7:07  Adept  
  98  7:11  Adept  
  98  7:12  Adept  
  98  7:13  Probe  
  97  7:18  Adept  
  97  7:22  Probe  
  98  7:25  Probe  
  98  7:29  Gateway  
  99  7:30  Gateway  
  99  7:33  Gateway  
  99  7:36  Gateway  
  99  7:39  Pylon x2  
  99  7:43  Adept  
  101  7:47  Pylon  
  101  7:49  Pylon  
  95  8:07  Twilight Council  
  95  8:09  Forge  
  95  8:12  Dark Templar x3  
  101  8:19  Probe x2  
  102  8:21  Dark Templar  
  104  8:31  Probe x2  
  106  8:43  Probe, Nexus  
  106  8:44  Probe  
  106  8:45  Pylon  
  98  8:50  Dark Templar x2  
  98  8:53  Charge (Chrono Boost)  
  102  8:55  Probe  
  102  8:56  Probe  
  100  9:04  Robotics Facility  
  100  9:08  Probe x2  
  100  9:18  Zealot x2  
  100  9:20  Probe x2  
  106  9:25  Protoss Ground Weapons Level 1 (Chrono Boost)  
  106  9:31  Shield Battery  
  106  9:32  Probe x2  
  108  9:39  Sentry x3  
  108  9:40  Zealot  
  108  9:44  Probe x2  
  118  9:55  Immortal (Chrono Boost)  
  118  9:56  Probe x2  
  124  10:02  Shield Battery  
  124  10:03  Pylon  
  124  10:05  Phoenix  
  124  10:06  Phoenix, Assimilator  
  124  10:08  Probe x2  
  124  10:10  Assimilator  
  126  10:15  Pylon  
  126  10:18  Archon  
  126  10:20  Probe x2  
  128  10:23  Pylon  
  128  10:24  Dark Templar x2  
  132  10:29  Archon  
  132  10:31  Immortal (Chrono Boost)  
  132  10:32  Probe  
  137  10:43  Sentry x2  
  141  10:52  Stalker x2  
  142  10:59  Stalker  
  142  11:00  Stalker x2  
  148  11:04  Immortal (Chrono Boost)  
  148  11:09  Probe x2  
  148  11:10  Probe  
  149  11:21  Probe x2  
  149  11:25  Stalker x4  
  141  11:26  Stalker x2  
  110  11:41  Stalker  
  82  11:48  Adept x4  
Show
View Real Time Build Order
Export as new Build Order

Serral Zerg - Winner!

Build Orders: Hatch First 

Get SALT Encoding   

  12  0:00  Drone  
  13  0:12  Overlord  
  13  0:16  Drone  
  14  0:30  Drone  
  14  0:31  Drone  
  16  0:47  Hatchery  
  15  0:51  Drone  
  15  0:55  Drone  
  17  0:57  Drone  
  18  1:09  Extractor  
  17  1:13  Spawning Pool  
  17  1:16  Drone  
  17  1:19  Drone  
  18  1:28  Drone  
  19  1:39  Drone  
  20  1:50  Overlord  
  20  1:59  Queen  
  20  2:00  Zergling x4, Queen  
  26  2:10  Drone  
  26  2:11  Drone  
  26  2:12  Metabolic Boost  
  28  2:21  Drone  
  28  2:22  Drone  
  30  2:34  Hatchery  
  29  2:37  Drone  
  29  2:39  Drone  
  31  2:45  Queen  
  31  2:51  Overlord  
  33  2:55  Drone x2  
  33  2:58  Drone  
  36  3:10  Drone x4  
  36  3:11  Overlord  
  40  3:15  Zergling x2  
  41  3:20  Drone  
  41  3:21  Queen  
  44  3:30  Drone  
  44  3:31  Drone  
  46  3:35  Spore Crawler  
  46  3:36  Overlord  
  46  3:39  Drone x2  
  46  3:40  Drone  
  48  3:43  Drone  
  48  3:46  Queen  
  48  3:48  Roach Warren  
  50  3:50  Drone  
  50  3:52  Overlord  
  51  3:56  Zergling x4  
  51  4:00  Drone  
  51  4:01  Drone  
  55  4:03  Zergling x2  
  55  4:04  Zergling x2  
  55  4:07  Drone  
  58  4:11  Overlord, Drone  
  58  4:13  Overlord  
  58  4:16  Zergling x4  
  61  4:21  Spore Crawler  
  61  4:22  Zergling x2  
  61  4:23  Zergling x2  
  61  4:29  Roach x4  
  69  4:34  Roach x2  
  71  4:39  Zergling x4  
  71  4:43  Zergling x6  
  69  4:48  Zergling x4  
  69  4:56  Zergling x8  
  72  5:06  Spore Crawler  
  70  5:10  Zergling x6  
  71  5:20  Roach x3  
  77  5:26  Extractor, Drone x3  
  79  5:28  Roach  
  79  5:31  Overlord  
  81  5:36  Roach  
  81  5:39  Roach  
  85  5:43  Zergling x2  
  85  5:48  Overlord  
  85  5:49  Zergling x8  
  90  6:01  Zergling x4  
  90  6:03  Hatchery  
  91  6:08  Ravager  
  85  6:16  Zergling x14  
  85  6:17  Evolution Chamber  
  91  6:21  Evolution Chamber  
  91  6:22  Ravager  
  91  6:26  Zergling x2, Roach x2  
  91  6:31  Roach  
  97  6:34  Roach  
  97  6:35  Roach  
  98  6:43  Overlord  
  96  6:47  Roach x2  
  96  6:49  Overlord  
  98  7:01  Queen x2  
  98  7:03  Ravager  
  98  7:04  Evolution Chamber  
  101  7:10  Zergling x6, Roach x2  
  106  7:19  Zergling x2, Roach x3  
  112  7:26  Overlord  
  112  7:36  Extractor, Drone x3  
  114  7:42  Roach x3  
  120  7:47  Evolution Chamber  
  116  7:53  Roach x3  
  118  8:01  Drone x2  
  121  8:06  Lair  
  121  8:08  Drone  
  121  8:12  Drone x4  
  123  8:14  Drone x3  
  123  8:15  Drone x2  
  123  8:16  Drone x2  
  123  8:19  Overlord  
  129  8:22  Zerg Missile Weapons Level 1  
  129  8:23  Overlord  
  129  8:30  Baneling Nest  
  128  8:36  Ravager, Evolution Chamber  
  129  8:47  Spore Crawler  
  125  8:49  Drone  
  125  8:50  Drone  
  127  8:56  Drone x3  
  127  8:57  Drone x2  
  127  9:00  Drone x2  
  133  9:02  Ravager x2  
  133  9:03  Ravager  
  133  9:08  Zergling x2  
  133  9:09  Zergling x14  
  138  9:11  Overseer  
  135  9:21  Evolution Chamber  
  135  9:22  Glial Reconstitution  
  135  9:23  Evolution Chamber  
  134  9:25  Extractor x2  
  134  9:26  Drone x3  
  134  9:27  Drone x3  
  139  9:32  Overlord  
  139  9:36  Zergling x8  
  143  9:39  Overseer  
  143  9:43  Centrifical Hooks  
  142  9:47  Overlord  
  142  9:48  Zergling x6  
  142  9:50  Overlord  
  145  9:56  Zergling x12  
  151  10:02  Drone  
  151  10:03  Baneling  
  151  10:04  Baneling x8  
  152  10:11  Overseer  
  152  10:12  Baneling x2  
  152  10:16  Drone  
  152  10:17  Drone  
  152  10:18  Zergling x4  
  156  10:22  Hatchery  
  156  10:23  Baneling x6  
  156  10:25  Overseer  
  155  10:29  Zergling x8  
  155  10:34  Baneling x3  
  159  10:35  Baneling x2  
  159  10:37  Zergling x6  
  162  10:44  Baneling  
  162  10:45  Baneling x4  
  162  10:48  Overlord  
  163  10:50  Zergling x10  
  165  10:58  Zergling x8  
  165  11:00  Baneling x5  
  169  11:06  Evolution Chamber  
  168  11:13  Zergling x18  
  168  11:22  Zergling x14  
  167  11:28  Ravager x6  
  166  11:33  Drone x2  
  166  11:34  Zergling x2  
  166  11:36  Zergling x6  
Tags
 
Add a new tag
Caveats
  • Supply blocks, unpowered buildings, or Contaminate may cause inaccurate times.
  • Supply counts are checked every 10 seconds.